Unix NetHack Version 5.0.0-0 post-release - last build May 10 2026 23:12:36 (d1fa5d53e341ca933230fdaa984d921c805b60aa,branch:main).

Game began 2026-05-13 13:27:27, ended 2026-05-13 18:53:35.

DrabEmordnilap, neutral male human Tourist

                                     ---
                             ---------.--
                           ---..........--      --              ---
                           |.............       ..            ---.----
                              ..........---     .-     ----   |!...).--
                               -..........--   ..|  ----..|   |*....(.|
                                -..........-- -..  --.|...--  |..^....|
                                  ..........--..   |.......|  --.)...--
                                  -.-........|.-   |.......|   --.)..--
                         ----   ---............|   ---....-|----|-[.).|
                         |..----|.............---   --.....||..--....--
                        --./.--.|...............|   |......---.......--
                        |.......................|   --................|
                      ----`....%....*.......)...---- |..........--.|..|
                      -....................*.......|--..........|------
                        |...........-.....:%.......--..........--------
                        ---.....T)........).(.........................-
                          --.....@..f.[....----................------
                           --......---.....|  |.......|........|
                            -----.-- --..---  ---..|.---.|.--.--
                                ---   ----      ------ --------
DrabEmordnilap the Excursionist  St:10 Dx:14 Co:16 In:14 Wi:9 Ch:15  Neutral
Dlvl:7  $:0  HP:0(64) Pw:22(22) AC:1  Xp:7/713 T:5923  Burdened

Latest messages:
 g - a bow.
 e - a dagger (3 in total).
 What do you want to drop? [ad-hj-loswGJM-QTV or ?*] g
 You drop a bow.
 Your baby silver dragon turns into a genetic engineer!
 The genetic engineer picks up a ring mail.
 The genetic engineer puts on a ring mail.
 The genetic engineer picks up a quivering blob corpse.
 Your genetic engineer turns into a wumpus!
 The wumpus breaks out of its armor!
 Mortimer picks up an arrow.
 You see here a bow.
 You have a little trouble lifting g - a bow.
 What do you want to name? [ad-hj-loswGJM-QTV or ?*] g
 What do you want to name this bow? cursed
 What do you want to drop? [ad-hj-loswGJM-QTV or ?*] g
 You drop a bow named cursed.
 You swap places with Mortimer.
 Mortimer drops an arrow.
 Your wumpus turns into a newt!
 Mortimer picks up a hooded cloak.
 The newt drops a quivering blob corpse.
 An arrow shoots out at you!
 An arrow misses you.
 The ice troll shoots a crossbow bolt!
 A crossbow bolt misses you.
 The ice troll shoots a crossbow bolt!
 A crossbow bolt misses you.
 The ice troll picks up 2 crossbow bolts.
 What do you want to use or apply? [aklswJO-Q or ?*] ?
 In what direction? 7
 The ice troll is blinded by the flash!
 Welcome to experience level 7.
 Mortimer drops a hooded cloak.
 The ice troll swings his crossbow.
 The ice troll misses!
 The ice troll hits!
 You're covered in frost!
 The ice troll bites!
 The ice troll swings his crossbow.
 The ice troll hits!
 The ice troll hits!
 You're covered in frost!
 The ice troll bites!
 You die...
 Do you want your possessions identified? [ynq] (y) y
 Do you want to see your attributes? [ynq] (y) y
 Do you want an account of creatures vanquished? [ynaq] (y) y
 Do you want to see your conduct and achievements? [ynq] (y) y
 Do you want to see the dungeon overview? [ynq] (y) y

Inventory:
 Weapons  (')')
  f - 13 +0 arrows
  e - 3 +0 daggers
  T - a +0 scimitar (weapon in right hand)
 Armor    ('[')
  h - an uncursed +0 helm of brilliance (being worn)
  M - an uncursed +0 pair of iron shoes (being worn)
  d - an uncursed +0 large shield (being worn)
  N - an uncursed +1 Uruk-hai shield
  G - an uncursed +0 dwarvish cloak (being worn)
  o - an uncursed +0 Hawaiian shirt with an orchid motif (being worn)
  j - an uncursed +0 orcish chain mail (being worn)
 Potions  ('!')
  V - an uncursed potion of paralysis
 Wands    ('/')
  J - a wand of lightning named 0:0 (0:0)
 Tools    ('(')
  P - an empty uncursed oilskin sack
  l - an uncursed credit card
  k - an expensive camera (0:27)
  O - an uncursed lock pick
  s - an uncursed stethoscope
  Q - an uncursed tallow candle
  w - an uncursed tin whistle
  a - a +0 unicorn horn

DrabEmordnilap the Tourist's attributes:

Background:
 You were an Excursionist, a level 7 male human Tourist.
 You were neutral, on a mission for The Lady
 who was opposed by Blind Io (lawful) and Offler (chaotic).
 You were right-handed.
 You were in the Gnomish Mines, on level 7.
 You entered the dungeon 5923 turns ago.
 You had 713 experience points, 567 more were needed to attain level 8.

Basics:
 You had 0 out of 64 hit points.
 You had all 22 energy points (spell power).
 Your armor class was 1.
 Your wallet was empty.
 Autopickup was off.

Final Characteristics:
 Your strength was 10 (limit:18/100).
 Your dexterity was 14 (limit:18).
 Your constitution was 16 (limit:18).
 Your intelligence was 14 (limit:18).
 Your wisdom was 9 (limit:18).
 Your charisma was 15 (limit:18).

Final Status:
 You weren't hungry.
 You were burdened; movement was slightly slowed.
 You were wielding a saber.
 You had basic skill with saber.

Final Attributes:
 You were piously aligned.
 Your items were somewhat protected from fire.
 Your items were somewhat protected from cold.
 You were telepathic.
 You were warded.
 Your spell casting was impaired by metallic armor.
 You are dead.

Miscellaneous:
 You encountered 1 bones level.
 Total elapsed playing time was 1 hour, 17 minutes and 58 seconds.

Major events:
 Turn
    1: DrabEmordnilap the neutral male human Tourist entered the dungeon
 1045: entered the Gnomish Mines
 1890: attained the rank of Sightseer (level 3)
 3466: attained the rank of Excursionist (level 6)
 5923: killed by an ice troll

Spells:
 Name                 Level Category     Fail Retention
 healing                1   healing      100%   51%-75%

Skills:
 Fighting Skills
   bare handed combat [Unskilled]
   two weapon combat  [Unskilled]
   riding             [Unskilled]
 Weapon Skills
   dagger             [Basic]
   knife              [Unskilled]
   axe                [Unskilled]
   pick-axe           [Unskilled]
   short sword        [Unskilled]
   broadsword         [Unskilled]
   long sword         [Unskilled]
   two-handed sword   [Unskilled]
   saber              [Basic]
   mace               [Unskilled]
   morning star       [Unskilled]
   flail              [Unskilled]
   hammer             [Unskilled]
   quarterstaff       [Unskilled]
   polearms           [Unskilled]
   spear              [Unskilled]
   trident            [Unskilled]
   lance              [Unskilled]
   bow                [Unskilled]
   sling              [Unskilled]
   crossbow           [Unskilled]
   dart               [Basic]
   shuriken           [Unskilled]
   boomerang          [Unskilled]
   whip               [Unskilled]
   unicorn horn       [Unskilled]
 Spellcasting Skills
   divination spells  [Unskilled]
   enchantment spells [Unskilled]
   escape spells      [Unskilled]

Voluntary challenges:
 Character rerolling was not enabled.
 You never genocided any monsters.
 You never polymorphed an object.
 You never changed form.
 You used no wishes.
Achievements:
 You entered a shop.
 You entered the Gnomish Mines.
 You attained the rank of Sightseer.
 You attained the rank of Excursionist.

 The Dungeons of Doom: levels 1 to 8
    Level 1:
       A fountain, a sink, a grave.
    Level 2:
       A bookstore, some fountains.
    Level 3:
       A fountain.
       Stairs down to The Gnomish Mines.
    Level 4: "stash"
       An altar, many fountains.
    Level 5:
       A sink.
    Level 6:
       A sink, a grave.
    Level 7:
    Level 8:
 The Gnomish Mines: levels 4 to 7
    Level 4:
    Level 5:
    Level 7: <- You were here.
       A grave.
       Final resting place for
          you, killed by an ice troll,
          Brudee-Tou-Hum-Fem-Cha, killed by an ice troll.


Vanquished creatures:
  a ghost
  a quivering blob
  a leprechaun
 an iron piercer
  a giant spider
  a black unicorn
  a raven
  a bugbear
  a water nymph
  8 Mordor orcs
  4 Uruk-hai
  a rock piercer
  2 rock moles
  a yellow light
  a violet fungus
  3 gnome leaders
  2 kobold mummies
  a black naga hatchling
  a gray ooze
  a ghoul
  2 straw golems
  a giant ant
  4 floating eyes
  6 dwarves
  a homunculus
  a kobold shaman
  4 hill orcs
  2 rothes
  2 giant bats
  a wererat
  a werejackal
  6 iguanas
  3 killer bees
  3 acid blobs
  a coyote
  a gas spore
  2 hobbits
  a large kobold
  4 giant rats
  3 cave spiders
  a brown mold
  a yellow mold
 22 gnomes
  3 garter snakes
  7 geckos
  5 jackals
  a fox
  2 goblins
  a sewer rat
  8 grid bugs
  3 bats
  4 lichens
  4 kobold zombies
  7 newts
152 creatures vanquished.

No species were genocided or became extinct.

Game over:
                       ----------
                      /          \
                     /    REST    \
                    /      IN      \
                   /     PEACE      \
                  /                  \
                  |  DrabEmordnilap  |
                  |       0 Au       |
                  | killed by an ice |
                  |      troll       |
                  |                  |
                  |                  |
                  |       2026       |
                 *|     *  *  *      | *
        _________)/\\_//(\/(/\)/\//\/|_)_______

Aloha DrabEmordnilap the Tourist...

You died in The Gnomish Mines on dungeon level 7 with 3222 points,
and 0 pieces of gold, after 5923 moves.
You were level 7 with a maximum of 64 hit points when you died.

